 Dungeon Crawl Stone Soup version 0.22-a0-136-g83a10e5 (webtiles) character file.

79 mhoghedin the Chiller (level 4, -1/33 HPs)
             Began as a Draconian Ice Elementalist on Feb 3, 2018.
             Slain by an orc wizard
             ... wielding a +0 dagger
              (5 damage)
             ... on level 3 of the Dungeon.
             The game lasted 00:04:23 (2315 turns).

mhoghedin the Chiller (Draconian Ice Elementalist)  Turns: 2315, Time: 00:04:24

Health: -1/33      AC: 10    Str: 10    XL:     4   Next: 16%
Magic:  0/8        EV: 12    Int: 16    God:
Gold:   173        SH:  0    Dex: 12    Spells: 3/9 levels left

rFire    . . .     SeeInvis .   c - +2 short sword (freeze)
rCold    . . .     Gourm    .   (no shield)
rNeg     . . .     Faith    .   (armour unavailable)
rPois    .         Spirit   .   (helmet restricted)
rElec    .         Reflect  .   (no cloak)
rCorr    .         Harm     .   (no gloves)
MR       +....                  (no boots)
Stlth    ++........             (no amulet)
HPRegen  0.11/turn              i - ring of protection from magic {MR+, !d}
MPRegen  0.11/turn              (no ring)

@: icy armour, very slightly contaminated, slow
A: unfitting armour, cold-blooded, AC +5
a: no special abilities


You were on level 3 of the Dungeon.
You were not hungry.

You visited 1 branch of the dungeon, and saw 3 of its levels.

You collected 173 gold pieces.

Inventory:

Hand Weapons
 c - a +2 short sword of freezing (weapon)
   (You took it off an orc on level 3 of the Dungeon)
 d - a +0 dagger
   (You found it on level 1 of the Dungeon)
Jewellery
 i - a ring of protection from magic (left hand) {MR+, !d}
   (You took it off a goblin on level 1 of the Dungeon)
Scrolls
 f - a scroll of teleportation {unknown}
 g - a scroll of random uselessness {unknown}
 j - a scroll of magic mapping {unknown}
 k - a scroll of immolation {!r}
Potions
 e - a potion of might
 h - a potion of mutation {!q}
 l - a potion of curing
 m - 2 potions of brilliance
 n - a potion of heal wounds
 o - a potion of lignification {unknown}
Books
 a - a book of Frost
Comestibles
 b - 4 rations


   Skills:
 - Level 1.7 Dodging
 - Level 1.7 Stealth
 + Level 3.2 Spellcasting
 - Level 1.0 Conjurations
 + Level 4.1 Ice Magic


You had 3 spell levels left.
You knew the following spells:

 Your Spells              Type           Power        Failure   Level  Hunger
a - Freeze                Ice            ###.         3%          1    None
x - Throw Frost           Conj/Ice       ##....       10%         2    ##.....
A - Ozocubu's Armour      Chrm/Ice       #.......     24%         3    ###....


Dungeon Overview and Level Annotations

Branches:
Dungeon (3/15)

Altars:


Innate Abilities, Weirdness & Mutations

Your plain brown scales are hard. (AC +5)
You cannot fit into any form of body armour.
You are cold-blooded and may be slowed by cold attacks.


Message History

No target in view!
No target in view!
As you read the scroll of identify, it crumbles to dust.
m - 2 potions of brilliance
As you read the scroll of identify, it crumbles to dust.
l - a potion of curing
As you read the scroll of identify, it crumbles to dust.
h - a potion of mutation
As you read the scroll of identify, it crumbles to dust.
n - a potion of heal wounds
As you read the scroll labeled XOTZUM HUQATOM, it crumbles to dust.
The air around you briefly surges with heat, but it dissipates.
It was a scroll of immolation.
Unknown command.
A bat comes into view.
You see here a shield.
A bat is nearby!
A bat is nearby!
Found a stone staircase leading down.
The bat barely misses you.
You hit the bat. The bat barely misses you. The bat misses you.
You hit the bat.
You kill the bat!
You see here a bat corpse.
You open the door. 4 orcs and an orc wizard come into view.
An orc is wielding a hand axe of pain.
An orc is wielding a short sword of freezing.
The orc shouts! x3; The orc wizard shouts!
The orc moves out of view.
The orc throws a tomahawk.
The tomahawk hits you.
The orc wizard looks satisfied for a moment.
You take 3 damage, and have 30/33 hp.
There are monsters nearby!
Unknown command.
You close the door.
An orc opens the door.
A kobold comes into view. It is wielding a short sword.
A film of ice covers your body!
The kobold shouts!
The kobold moves out of view.
The orc misses you.
You now have 5/8 mp.
Okay, then.
Unknown command.
Aim: an orc, wielding a short sword of freezing and wearing a ring mail You freeze the orc.
The orc hits you but does no damage.
You now have 4/8 mp.
Aim: an orc, wielding a short sword of freezing and wearing a ring mail (heavily wounded)
You freeze the orc.
You kill the orc!
You now have 3/8 mp.
Items here: ( ) [ † a short sword of freezing; a ring mail; a tomahawk; an orc corpse
c - a short sword of freezing The orc wizard closely misses you.
Wield which item (- for none, * to show all)? (? for menu, Esc to quit)
Your +2 short sword of freezing glows with a cold blue light!
c - a +2 short sword of freezing (weapon)
The orc wizard gestures at you while chanting.
The magic dart hits you!
You take 7 damage, and have 24/33 hp.
MASSIVE DAMAGE!!
Unknown command.
Aim: an orc wizard, wielding a dagger and wearing a robe You freeze the orc wizard.
The orc shouts!
The orc wizard casts a spell at you. The magic dart hits you!
You take 8 damage, and have 16/33 hp.
MASSIVE DAMAGE!!
You now have 2/8 mp.
Aim: an orc wizard, wielding a dagger and wearing a robe (lightly wounded)
You freeze the orc wizard. The orc wizard misses you.
You now have 1/8 mp.
You closely miss the orc wizard.
The orc wizard gestures wildly while chanting.
The orc wizard seems to speed up.
Unknown command.
You hit the orc wizard. You freeze the orc wizard.
The orc wizard points at you and mumbles some strange words.
The puff of frost hits you!
You take 2 damage, and have 14/33 hp.
You closely miss the orc wizard.
The orc wizard hits you but does no damage. x2
You closely miss the orc wizard. The orc wizard casts a spell at you.
The puff of flame hits you! The orc wizard barely misses you.
The heat melts your icy armour.
You take 4 damage, and have 10/33 hp.
Unknown command.
Aim: an orc wizard, wielding a dagger and wearing a robe (heavily wounded, fast)
You freeze the orc wizard. The orc wizard casts a spell at you.
The puff of frost hits you!
* * * LOW HITPOINT WARNING * * *
You take 6 damage, and have 4/33 hp.
You now have 1/8 mp.
Unknown command.
Aim: an orc wizard, wielding a dagger and wearing a robe (almost dead, fast)
You miscast Freeze.
You are very lightly contaminated with residual magic.
Frost covers your body. The orc wizard hits you with a dagger.
You die...

#.#.####.###########
####>#.#...............
########........##.###.......#
#........##....###.# #.##.##.#
#.........#........# #.##.##.#
#.##......##...##### #.##....#
#.##...#..###.## #.##.#..#
#...†.....# #.# #........
#.....###.# #@# ######.##
#........># #o# #.#
#[#########


Koo #.# #.### ..o.. ### #.# #.#.## ....... ##.###.#
####....####.........####...##.# ...........+.........+....(..#.#
####....####.........####...##.# ###.#.## #...##.# You could see an orc wizard,
3 orcs and a kobold.

Vanquished Creatures
  A gnoll (D:1)
  An adder (D:2)
  2 oozes (D:2)
  A dart slug (D:1)
  2 leopard geckos (D:1)
  An orc (D:3)
  4 giant cockroaches
  6 hobgoblins
  2 kobolds (D:1)
  A quokka (D:2)
  8 bats
  3 frilled lizards
  7 goblins
  5 rats
44 creatures vanquished.

Notes
Turn   | Place    | Note
-------+----------+-------------------------------------------
     0 | D:1      | mhoghedin the Draconian Ice Elementalist began the quest for the Orb.
     0 | D:1      | Reached XP level 1. HP: 14/14 MP: 3/3
   331 | D:1      | Reached XP level 2. HP: 7/20 MP: 0/5
   728 | D:1      | Reached XP level 3. HP: 21/26 MP: 5/7
   810 | D:1      | Learned a level 2 spell: Throw Frost
  1069 | D:1      | Learned a level 3 spell: Ozocubu's Armour
  1401 | D:2      | Reached skill level 3 in Spellcasting
  1569 | D:2      | Reached skill level 4 in Ice Magic
  1695 | D:2      | Reached XP level 4. HP: 33/33 MP: 3/8
  2314 | D:3      | HP: 4/33 [orc wizard/puff of frost (6)]
  2315 | D:3      | Slain by an orc wizard

Vault maps used:
D:1:      kennysheep_arrival_forest
D:2:      first_ration, kennysheep_big_empty_room
D:3:      uniq_terence, uniq_robin

Skill      XL: |  1  2  3 |
---------------+----------+-----
Spellcasting   | 3 |  3.2
Ice Magic      | 4 |  4.1
Dodging        | |  1.7
Stealth        | |  1.7
Conjurations   | |  1.0

Action                   |  1- 3 |  4- 6 || total
-------------------------+-------+-------++-------
Melee: Dagger            |    74 |     9 ||    83
       Unarmed           |     2 |       ||     2
       Tailslap          |     7 |       ||     7
       Short sword       |       |     4 ||     4
 Cast: Freeze            |    30 |     7 ||    37
       Throw Frost       |    10 |     2 ||    12
       Ozocubu's Armour  |       |     1 ||     1
  Use: Scroll            |     1 |     5 ||     6
 Stab: Sleeping          |     1 |     2 ||     3
  Eat: Chunk             |     3 |     2 ||     5
Armor: Skin              |    27 |     4 ||    31
Dodge: Dodged            |    67 |    16 ||    83

Table legend:
 A = Spawn XP
 B = Non-spawn XP
 C = Spawn XP percentage of total XP
 D = Spawn monster count
 E = Non-spawn monster count
 F = Spawn count percentage of total count
 G = Total turns spent on level
                    A         B        C        D         E        F      G
               +---------+---------+-------+---------+---------+-------+---------
         Total |       0 |     113 |   0.0 |       0 |      44 |   0.0 |  2315
               +---------+---------+-------+---------+---------+-------+---------
           D:1 |       0 |      52 |   0.0 |       0 |      22 |   0.0 |  1068
           D:2 |       0 |      53 |   0.0 |       0 |      18 |   0.0 |  1026
           D:3 |       0 |       8 |   0.0 |       0 |       4 |   0.0 |   221
               +---------+---------+-------+---------+---------+-------+---------

Vault maps used:
D:1:      kennysheep_arrival_forest
D:2:      first_ration, kennysheep_big_empty_room
D:3:      uniq_terence, uniq_robin

Table legend:
 A = Turns spent in this place as a percentage of turns spent in the entire game.
 B = Non-inter-level travel turns spent in this place as a percentage of non-inter-level travel turns spent in the entire game.
 C = Inter-level travel turns spent in this place as a percentage of turns spent in this place.
 D = Turns resting spent in this place as a percentage of non-inter-level travel turns spent in this place.
 E = Turns spent auto-exploring this place as a percentage of non-inter-level travel turns spent in this place.
 F = Non-inter-level travel turns spent in this place divided by the number of levels of this place that you've seen.
                   A       B       C       D       E      F
               +-------+-------+-------+-------+-------+----------------------
         Total | 100.0 | 100.0 |   2.2 |  20.7 |  61.1 | 754.7
       Dungeon | 100.0 | 100.0 |   2.2 |  20.7 |  61.1 | 754.7
               +-------+-------+-------+-------+-------+----------------------

Table legend:
 A = Kills in this place as a percentage of kills in entire the game.
 B = Kills by you in this place as a percentage of kills by you in the entire game.
 C = Kills by friends in this place as a percentage of kills by friends in the entire game.
 D = Other kills in this place as a percentage of other kills in the entire game.
 E = Experience gained in this place as a percentage of experience gained in the entire game.
 F = Experience gained in this place divided by the number of levels of this place that you have seen.
                   A       B       C       D       E      F
               +-------+-------+-------+-------+-------+----------------------
         Total | 100.0 | 100.0 |   N/A |   N/A | 100.0 |  37.7
       Dungeon | 100.0 | 100.0 |   N/A |   N/A | 100.0 |  37.7
               +-------+-------+-------+-------+-------+----------------------
